 Dungeon Crawl Stone Soup version 0.28.0-62-gf88900778d (webtiles) character file.

Game seed: 16629880290200994737

1778102 AarnesTheHuman the Slayer (level 27, 165/262 HPs)
             Began as a Hill Orc Fighter on Feb 23, 2023.
             Was a High Priest of Okawaru.
             Escaped with the Orb
             ... and 4 runes on Mar 1, 2023!
             The game lasted 05:17:00 (111283 turns).

AarnesTheHuman the Slayer (Hill Orc Fighter)      Turns: 111283, Time: 05:17:00

Health: 165/262    AC: 38    Str: 25 (28) XL:     27
Magic:  42/42      EV: 10    Int: 15 (18) God:    Okawaru [*****.]
Gold:   2642       SH: 27    Dex: 16 (17) Spells: 20/56 levels left

rFire   + . .      SeeInvis .   a - +10 broad axe "Killer Klown's Foe" {vorpal, Int+2}
rCold   + + +      Faith    .   z - +4 tower shield of the Soldier {Str+3}
rNeg    + + .      Spirit   .   V - +9 gold dragon scales
rPois   +          Reflect  .   l - +0 hat of the Blind Marksman {Int+4}
rElec   .          Harm     .   D - +2 cloak {Will+}
rCorr   .          Rampage  +   F - +0 pair of gloves "Roany" {Fly rPois rC++ Str-4}
Will    +++++      Archmagi +   h - +0 pair of boots "Ixifak" {Rampage Dex+7}
Stlth   .......... Clarity  +   e - amulet of the Four Winds {rN+ Will+++ Clar}
HPRegen 0.53/turn               o - ring of the Mage {Wiz Archmagi}
MPRegen 0.28/turn               P - ring of positive energy

@: flying, studying Slings
A: hooves 1, mutation resistance 1
0: Orb of Zot
}: 4/15 runes: serpentine, barnacled, slimy, silver
a: Renounce Religion, Heroism, Finesse, Duel


You escaped.
You worshipped Okawaru.
Okawaru was extremely pleased with you.
You visited 12 branches of the dungeon, and saw 55 of its levels.
You visited the Abyss 5 times.
You also visited: Trove, Bailey, Gauntlet, Ice Cave and Desolation.

You collected 6557 gold pieces.
You spent 3915 gold pieces at shops.

Inventory:

Hand Weapons
 a - the +10 broad axe "Killer Klown's Foe" (weapon) {vorpal, Int+2}
   (Okawaru gifted it to you on level 12 of the Dungeon)

   It inflicts extra damage upon your enemies.
   Int:       It affects your intelligence (+2).
 b - a +9 broad axe of freezing
 g - a +5 vorpal broad axe
Missiles
 r - 27 silver javelins
 G - 4 curare-tipped darts
 Q - 32 javelins
 T - 4 boomerangs (quivered)
 Z - 8 throwing nets
Armour
 h - the +0 pair of boots "Ixifak" (worn) {Rampage Dex+7}
   (You found it in a treasure trove)

   Dex:       It affects your dexterity (+7).
   Rampage:   It bestows one free step when moving towards enemies.
 l - the +0 hat of the Blind Marksman (worn) {Int+4}
   (You found it in a treasure trove)

   Int:       It affects your intelligence (+4).
 z - the +4 tower shield of the Soldier (worn) {Str+3}
   (Okawaru gifted it to you on level 1 of the Vaults)

   Str:       It affects your strength (+3).
 D - a +2 cloak of willpower (worn)
 F - the +0 pair of gloves "Roany" (worn) {Fly rPois rC++ Str-4}
   (You found it in a treasure trove)

   Str:       It affects your strength (-4).
   rC:        It greatly protects you from cold.
   rPois:     It protects you from poison.
   Fly:       It grants you flight.
 V - +9 gold dragon scales (worn)
Jewellery
 c - a ring of protection from cold
 e - the amulet of the Four Winds (around neck) {rN+ Will+++ Clar}
   (You found it on level 1 of the Depths)

   [amulet of nothing]

   rN:        It protects you from negative energy.
   Clar:      It protects you against confusion.
   Will:      It greatly increases your willpower.
 i - the ring "Tust" {AC+4 Str+4 Int+2}
   (You took it off a vault warden on level 5 of the Vaults)

   [ring of protection]

   AC:        It affects your AC (+4).
   Str:       It affects your strength (+4).
   Int:       It affects your intelligence (+2).
 o - the ring of the Mage (left hand) {Wiz Archmagi}
   (You took it off a frost giant on level 5 of the Vaults)

   [ring of wizardry]

   It improves your spell success rate.
   Archmagi:  It increases the power of your magical spells.
 p - the ring of Tygehigy {Will- rCorr Str+5 Int+7}
   (You bought it in a shop on level 2 of the Snake Pit)

   [ring of resist corrosion]

   Str:       It affects your strength (+5).
   Int:       It affects your intelligence (+7).
   rCorr:     It protects you from acid and corrosion.
   Will:      It decreases your willpower.
 A - the ring "Netudapp" {Fly rElec rPois Str-3}
   (You acquired it on level 7 of the Dungeon)

   [ring of flight]

   Str:       It affects your strength (-3).
   rElec:     It insulates you from electricity.
   rPois:     It protects you from poison.
   Fly:       It grants you flight.
 K - the ring "Ebobapt" {rF+ SInv}
   (You found it in a Gauntlet)

   [ring of see invisible]

   rF:        It protects you from fire.
   SInv:      It lets you see invisible.
 P - a ring of positive energy (right hand)
Wands
 q - a wand of acid (18)
 v - a wand of iceblast (47)
 J - a wand of mindburst (25)
 N - a wand of paralysis (37)
 U - a wand of digging (20)
Scrolls
 f - 2 scrolls of magic mapping
 k - 13 scrolls of blinking
 s - 2 scrolls of fog
 t - 4 scrolls of holy word
 E - 8 scrolls of fear
 M - 5 scrolls of torment
 O - 9 scrolls of teleportation
 X - 6 scrolls of enchant weapon
 Y - a scroll of silence
Potions
 d - 15 potions of might
 j - 16 potions of curing
 m - 7 potions of haste
 n - a potion of magic
 x - 4 potions of cancellation
 y - 4 potions of mutation
 B - a potion of resistance
 C - 6 potions of ambrosia
 H - 11 potions of attraction
 I - 5 potions of lignification
 L - 7 potions of heal wounds
 R - 8 potions of brilliance
 S - 2 potions of invisibility
Miscellaneous
 u - a lightning rod (4/4)


   Skills:
 + Level 24.3 Fighting
 - Level 19.0 Axes
 + Level 16.3 Throwing
 - Level 18.0 Armour
 - Level 11.0 Dodging
 - Level 5.0 Stealth
 - Level 22.0 Shields
 + Level 15.1 Spellcasting
 - Level 6.4 Conjurations
 + Level 11.3 Necromancy
 - Level 10.0 Ice Magic
 - Level 12.0 Earth Magic
 - Level 22.0 Invocations


You had 20 spell levels left.
You knew the following spells:

 Your Spells              Type           Power      Damage    Failure   Level
a - Frozen Ramparts       Ice            100%       1d12      3%          3
b - Stone Arrow           Conj/Erth      100%       3d13      4%          3
c - Passwall              Tmut/Erth      35%        N/A       10%         2
d - Leda's Liquefaction   Hex/Erth       21%        N/A       50%         4
e - Borgnjor's Vile Clut  Necr/Erth      31%        N/A       16%         5
f - Lee's Rapid Deconstr  Erth           31%        3d17*     16%         5
g - Iron Shot             Conj/Erth      27%        9d6       91%         6
h - Hailstorm             Conj/Ice       52%        3d12      24%         4
i - Passage of Golubria   Tloc           16%        N/A       99%         4

Your spell library contained the following spells:

 Spells                   Type           Power      Damage    Failure   Level
 Freeze                   Ice            100%       1d11      1%          1
 Vampiric Draining        Necr           61%        2d10      2%          3
 Magic Dart               Conj           100%       1d8       5%          1
 Dispel Undead            Necr           61%        3d21      8%          4
 Corpse Rot               Necr/Air       84%        N/A       11%         2
 Ensorcelled Hibernation  Hex/Ice        78%        N/A       14%         2
 Foxfire                  Conj/Fire      100%       2x1d9     19%         1
 Agony                    Necr           61%        N/A       21%         5
 Conjure Flame            Conj/Fire      31%        6-21      47%         3
 Apportation              Tloc           32%        N/A       56%         1
 Slow                     Hex            64%        N/A       56%         1
 Sting                    Tmut/Pois      64%        1d6       56%         1
 Mephitic Cloud           Conj/Pois/Air  26%        N/A       63%         3
 Ice Form                 Ice/Tmut       39%        N/A       65%         4
 Blink                    Tloc           32%        N/A       69%         2
 Poisonous Vapours        Pois/Air       32%        N/A       69%         2
 Iskenderun's Battlesphe  Conj           46%        2d10      78%         5
 Flame Wave               Conj/Fire      31%        2d8       86%         4
 Fulminant Prism          Conj/Hex       15%        3d11      86%         4
 Iskenderun's Mystic Bla  Conj/Tloc      31%        2d8       86%         4
 Freezing Cloud           Conj/Ice/Air   20%        6-21      88%         5
 Confusing Touch          Hex            16%        N/A       89%         3
 Gell's Gravitas          Tloc           16%        N/A       89%         3
 Ignite Poison            Fire/Tmut/Pois 16%        N/A       89%         3
 Inner Flame              Hex/Fire       16%        N/A       89%         3
 Lesser Beckoning         Tloc           16%        N/A       89%         3
 Portal Projectile        Hex/Tloc       32%        N/A       89%         3
 Swiftness                Air            16%        N/A       89%         3
 Teleport Other           Tloc           16%        N/A       89%         3
 Metabolic Englaciation   Hex/Ice        19%        N/A       92%         5
 Cause Fear               Hex            8%         N/A       99%         4
 Olgreb's Toxic Radiance  Pois           16%        N/A       99%         4
 Fireball                 Conj/Fire      15%        3d8       99%         5
 Irradiate                Conj/Tmut      15%        3d18      99%         5
 Alistair's Intoxication  Tmut/Pois      10%        N/A       100%        5
 Blade Hands              Tmut           8%         N/A       100%        5
 Conjure Ball Lightning   Conj/Air       15%        3x3d6     100%        6
 Eringya's Noxious Bog    Tmut/Pois      8%         N/A       100%        6
 Starburst                Conj/Fire      15%        6d6       100%        6
 Dragon Form              Tmut           8%         N/A       100%        7
 Orb of Destruction       Conj           23%        9d8       100%        7
 Ozocubu's Refrigeration  Ice            29%        4d10      100%        7
 Discord                  Hex            8%         N/A       100%        8
 Ignition                 Fire           8%         3d5       100%        8
 Lehudib's Crystal Spear  Conj/Erth      27%        10d7      100%        8
 Animate Skeleton         Necr           Unusable   N/A       N/A         1
 Animate Dead             Necr           Unusable   N/A       N/A         4
 Animate Armour           Summ/Erth      Unusable   N/A       N/A         4
 Summon Small Mammal      Summ           Unusable   N/A       N/A         1
 Call Imp                 Summ           Unusable   N/A       N/A         2
 Death Channel            Necr           Unusable   N/A       N/A         6
 Call Canine Familiar     Summ           Unusable   N/A       N/A         3
 Summon Guardian Golem    Hex/Summ       Unusable   N/A       N/A         3
 Summon Lightning Spire   Summ/Air       Unusable   N/A       N/A         4
 Summon Forest            Summ/Tloc      Unusable   N/A       N/A         5
 Spellforged Servitor     Conj/Summ      Unusable   N/A       N/A         7

Dungeon Overview and Level Annotations

Branches:
Dungeon (15/15)            Temple (1/1) D:6            Lair (6/6) D:10
 Shoals (4/4) Lair:4        Snake (4/4) Lair:3        Slime (5/5) Lair:6
    Orc (2/2) D:10            Elf (2/3) Orc:2        Vaults (5/5) D:13
  Crypt (2/3) Vaults:2     Depths (4/4) D:15            Zot (5/5) Depths:4
 Bailey (visited)           IceCv (visited)         Desolation (visited)
Gauntlet (visited)

Altars:
Ashenzari
Cheibriados
Dithmenos
Elyvilon
Fedhas
Gozag
Hepliaklqana
Kikubaaqudgha
Makhleb
Nemelex Xobeh
Okawaru
Qazlal
Ru
Sif Muna
Trog
Uskayaw
Vehumet
Wu Jian
Xom
Yredelemnul
Zin
The Shining One
Beogh
Jiyva
Lugonu

Shops:
D:9 !   Orc:1 (   Orc:2 ***==   Snake:2 =*((?   Snake:4 :   Vaults:3 *
Vaults:4 (   Depths:1 *   Depths:4 ((:

Portals:
Hell: Depths:1 Depths:2 Depths:3 Depths:4
Abyss: Depths:1 Depths:3
Pandemonium: Depths:1 Depths:2 Depths:3
Ziggurat: Depths:3

Annotations:
D:4 1 runed translucent door, brob1's ghost, amateur MiBe
D:12 exclusion: downstairs
D:13 exclusion: downstairs
Shoals:2 exclusion: downstairs
Shoals:3 exclusion: downstairs
Snake:3 exclusion: downstairs
Vaults:2 exclusion: downstairs
Vaults:3 exclusion: downstairs
Depths:2 exclusion: 2 downstairs
Depths:3 1 runed translucent door
Zot:3 exclusion: downstairs


Innate Abilities, Weirdness & Mutations

You have large cloven feet.
You are somewhat resistant to further mutation.


Message History

An Ice Fiend comes into view.
The Ice Fiend roars!
The Ice Fiend calls on the powers of darkness!
Your body is wracked with pain!
The Ice Fiend gestures at you. The bolt of cold hits you. You resist.
The Ice Fiend calls on the powers of darkness!
Your body is wracked with pain!
Things that are here:
a +0 hand axe; a +0 chain mail; a +0 club
There is a stone staircase leading up here.
You fly upwards.
Level annotation: 1 runed translucent door, brob1's ghost, amateur MiBe
There is a stone staircase leading down, spattered with blood here.
(D) Dungeon (T) Temple (L) Lair (A) Shoals (P) Snake Pit (M) Slime Pits (O) Orcish Mines (E) Elven Halls (V) Vaults (C) Crypt (U) Depths (H) Hell (Z) Zot
Where to? (Enter - D:1, ? - help)
Things that are here:
a +0 ring mail; a +0 hand axe
There is a stone staircase leading up here.
You fly upwards.
There is a stone staircase leading down here.
There is an open door here.
Things that are here:
a +0 ring mail; a +0 mace
There is a stone staircase leading up here.
You fly upwards.
There is a stone staircase leading down, spattered with blood here.
There is an open door here.
There is an open door here.
There is a stone staircase leading up here.
You fly upwards.
There is a stone staircase leading down here.
There is an empty arch of ancient stone here.
There is an empty arch of ancient stone here.
There is an open door here.
There is a staircase leading out of the dungeon here.
You have escaped!

♣♣♣♣♣♣♣♣♣♣♣###
♣@.........'.#
♣...♣♣♣♣♣P♣#.#
♣....P♣P♣.♣#.#
♣.♣....P♣P♣#.#
♣.♣♣.⌠....♣#.#
♣.♣P....♣♣♣#.#
♣.♣♣P..♣♣ #.#
♣.♣♣♣.♣♣ #.#
♣.....♣ #.#


There were no monsters in sight!

Vanquished Creatures
  the Royal Jelly (Slime:5)
  4 ancient liches
  4 orbs of fire (Zot:5)
  4 dread liches
  Sojobo (Vaults:3)
  Boris (Depths:3)
  6 Killer Klowns (Zot:5)
  Margery (Vaults:2)
  9 golden dragons
  6 curse toes
  Nikola (Vaults:3)
  4 bone dragons
  Jory (Vaults:4)
  2 electric golems (Zot:5)
  16 tentacled monstrosities
  A walking crystal tome (Depths:4)
  2 Hell Sentinels (Abyss:1)
  A hellephant (Abyss:3)
  6 liches
  25 Orb Guardians (Zot:5)
  Jorgrun (D:12)
  4 titans
  15 acid blobs
  12 tentacled starspawn
  An Executioner (Abyss:4)
  7 quicksilver dragons
  2 ancient champions
  8 sphinxes
  14 death cobs
  8 tengu reavers
  16 storm dragons
  7 draconian knights
  A revenant (Crypt:1)
  16 shadow dragons
  10 rockslimes
  3 azure jellies (Slime:5)
  12 draconian monks
  2 juggernaut zombies (Depths:1)
  19 vault wardens
  3 nagarajas
  4 ghost moths
  9 frost giants
  An angel (Abyss:4)
  3 cacodemons
  An orc warlord (Elf:1)
  A balrug (Abyss:1)
  3 deep elf sorcerers
  8 draconian scorchers
  5 imperial myrmidons (Desolation)
  2 fire giants
  A caustic shrike zombie (Abyss:3)
  A curse skull (Crypt:2)
  3 iron dragons
  8 draconian shifters
  A reaper (Abyss:4)
  5 draconian annihilators
  A ghoul (Abyss:1)
  33 very ugly things
  5 draconian stormcallers
  4 war gargoyles
  7 quicksilver oozes
  2 caustic shrike skeletons
  13 ironbound preservers
  The ghost of AarnesTheHuman the Cleaver, a journeyman HOFi of Makhleb (Lair:4)
  15 stone giants
  A juggernaut skeleton (Depths:1)
  10 ironbound thunderhulks
  8 vampire knights
  A deep elf demonologist (Elf:1)
  7 white draconians
  15 red draconians
  13 green draconians
  10 black draconians
  5 dire elephants
  14 yellow draconians
  A deep elf annihilator (Vaults:5)
  4 minotaurs
  An entropy weaver (Vaults:1)
  8 purple draconians
  5 spark wasps
  3 jiangshi
  8 merfolk impalers
  11 ettins
  6 deep elf death magi
  Josephine (D:12)
  2 green deaths
  2 crystal guardians (Desolation)
  15 yaktaur captains
  6 merfolk javelineers
  8 ragged hierophants (Desolation)
  4 deep elf high priests
  5 fire dragons
  13 great orbs of eyes
  2 salamander tyrants (Snake:4)
  5 peacekeepers
  2 quicksilver dragon skeletons
  A rakshasa (Abyss:1)
  Erolcha (D:11)
  3 boulder beetles
  6 servants of whispers (Desolation)
  34 vault guards
  3 ogre magi
  5 ice dragons
  13 naga warriors
  9 hydras
  A caustic shrike simulacrum (Abyss:4)
  A juggernaut simulacrum (Abyss:2)
  3 catoblepae
  9 ironbound frosthearts
  3 merfolk aquamancers
  A spriggan air mage (Depths:1)
  18 anacondas
  The ghost of anyiome the Basher, a novice TrFi of Ru (D:9)
  Erica (D:8)
  5 merfolk avatars
  10 two-headed ogres
  A two-headed ogre (shapeshifter) (Vaults:4)
  2 centaur warriors
  A fenstrider witch skeleton (Abyss:1)
  A satyr (shapeshifter) (D:15)
  A death knight (Abyss:4)
  5 tengu warriors
  2 alligator snapping turtles (Shoals:4)
  7 deep troll earth magi
  28 dancing weapons
  4 deep troll shamans
  12 satyrs (Shoals:4)
  9 hell hogs
  20 thrashing horrors
  A spriggan berserker (Depths:4)
  An orc high priest (Elf:1)
  12 shock serpents
  16 hell knights
  14 naga sharpshooters
  Nergalle (Orc:1)
  6 vampire magi
  13 deep elf knights
  3 sun demons
  4 shadow wraiths
  8 skeletal warriors
  4 soul eaters
  17 wretched stars
  9 iron trolls
  8 salamander mystics
  6 sixfirhies
  8 spatial maelstroms
  48 deep trolls
  3 fire crabs
  A shadow demon (Abyss:1)
  4 flayed ghosts
  10 sea snakes
  5 glowing orange brains
  4 naga ritualists
  10 lindwurms
  24 deep elf zephyrmancers
  6 orc knights
  5 phantasmal warriors
  13 deep elf archers
  16 wizards
  20 ironbound convokers
  A broodmother zombie (Crypt:1)
  32 harpies
  A wolf spider (D:15)
  A mana viper (shapeshifter) (Depths:3)
  18 deep elf pyromancers
  13 necromancers
  A wolf spider zombie (Crypt:1)
  14 mana vipers
  A frost giant zombie (Depths:1)
  36 ugly things
  7 fauns
  2 stone giant zombies
  22 manticores
  7 shining eyes
  12 cyclopes
  4 orc sorcerers
  24 salamanders
  2 cyclopes (shapeshifter)
  4 worldbinders
  24 elephants
  23 moths of wrath
  7 water nymphs
  An iron dragon skeleton (Depths:2)
  22 vault sentinels
  8 merfolk sirens
  10 guardian serpents
  5 apocalypse crabs
  17 naga magi
  4 rust devils
  38 black mambas
  2 ice statues (IceCv)
  An eye of devastation (shapeshifter) (Depths:2)
  A frost giant skeleton (Depths:1)
  3 molten gargoyles (Lair:6)
  An eye of devastation (Slime:5)
  15 smoke demons
  5 orange demons
  A gargoyle (D:12)
  An elephant slug zombie (Crypt:1)
  A catoblepas zombie (Crypt:2)
  16 komodo dragons
  4 hellions
  2 human zombies
  7 efreet
  A kobold demonologist (D:13)
  13 cane toads
  8 rime drakes
  A yellow draconian skeleton (Crypt:1)
  4 tengu conjurers
  2 unseen horrors
  39 yaktaurs
  6 freezing wraiths
  An entropy weaver simulacrum (IceCv)
  An ice devil (Gauntlet)
  3 tormentors
  A troll (shapeshifter) (Gauntlet)
  7 hellwings
  4 meliai
  12 ancient zymes
  A golden dragon simulacrum (Depths:2)
  59 large abominations
  A queen bee (Lair:4)
  A tarantella (shapeshifter) (Vaults:4)
  3 polar bears
  10 trolls
  28 merfolk
  7 wind drakes
  2 spriggan skeletons
  5 hornets
  A tyrant leech (shapeshifter) (Vaults:5)
  A sphinx simulacrum (Depths:2)
  41 saltlings (Desolation)
  4 blink frogs (Lair:6)
  A harpy skeleton (Abyss:1)
  A hornet (shapeshifter) (Vaults:5)
  14 dream sheep
  2 elf zombies
  9 snapping turtles
  A fire giant simulacrum (Vaults:4)
  83 slime creatures
  A culicivora (shapeshifter) (Abyss:4)
  23 raiju
  An air elemental (Elf:2)
  19 flying skulls
  11 water elementals
  48 starcursed masses
  Sigmund (D:6)
  3 shadows
  2 culicivoras (Vaults:1)
  39 yaks
  Eustachio (D:3)
  6 fire elementals
  9 ynoxinuls
  An elf simulacrum (Vaults:4)
  An ettin skeleton (Depths:2)
  7 humans (D:13)
  A yak (shapeshifter) (D:14)
  9 wraiths
  6 fire bats
  2 wyverns
  9 golden eyes
  9 basilisks
  Menkaure (D:4)
  A redback (Vaults:2)
  4 steam dragons
  An elf skeleton (Vaults:1)
  41 small abominations
  9 vampire mosquitoes
  11 chaos spawn
  8 neqoxecs
  45 nagas
  A warg (Orc:2)
  3 spatial vortices
  A naga (shapeshifter) (Abyss:1)
  23 water moccasins
  9 hell hounds
  A human skeleton (Vaults:4)
  An acid dragon (shapeshifter) (D:12)
  2 acid dragons
  Duvessa (D:6)
  2 swamp drakes (D:12)
  4 black bears
  29 orc warriors
  A sky beast (D:7)
  An ice beast (D:6)
  6 necrophages
  21 ogres
  20 wolves
  6 centaurs
  A kobold brigand (D:6)
  23 bullfrogs
  A gnoll sergeant (D:13)
  3 earth elementals
  2 cane toad simulacra (IceCv)
  A scorpion (D:5)
  A wyvern skeleton (D:7)
  Dowan (D:6)
  A water moccasin skeleton (D:6)
  7 killer bees (Lair:4)
  14 wights
  2 electric eels (Lair:2)
  7 howler monkeys
  5 lava snakes (Lair:6)
  15 orc priests
  7 quasits
  A bullfrog zombie (D:7)
  4 jellies
  4 hounds
  5 centaur zombies
  A centaur skeleton (D:5)
  4 iron imps
  Jessica (D:2)
  4 iguanas
  A scorpion zombie (D:5)
  11 orc wizards
  4 hell rats
  2 wolf simulacra (IceCv)
  2 killer bee zombies
  2 hound skeletons (D:4)
  2 mummies (D:8)
  A howler monkey zombie (D:9)
  6 gnolls
  9 adders
  2 shadow imps
  10 white imps
  4 ufetubi
  An adder skeleton (D:4)
  A worm (D:3)
  A barachi skeleton (Crypt:1)
  3 dart slugs
  48 orcs
  5 endoplasms
  2 giant cockroaches
  5 goblins
  6 hobgoblins
  2 quokkas (D:1)
  12 ball pythons
  6 bats
  3 frilled lizards
  8 kobolds
  7 rats
  3 lurking horrors
  11 starspawn tentacles
2667 creatures vanquished.

Vanquished Creatures (others)
  A white draconian (Zot:2)
  A jiangshi (Depths:4)
  A two-headed ogre (D:12)
  A deep troll shaman (Depths:4)
  A thrashing horror (Abyss:4)
  A deep elf knight (Elf:1)
  A moth of wrath (Zot:2)
  A black mamba (Snake:3)
  A yak (D:12)
  A human (D:12)
  A ynoxinul (Abyss:2)
  A fire bat (shapeshifter) (Vaults:5)
  A chaos spawn (Abyss:1)
  3 small abominations
  14 demonic plants (Gauntlet)
  50 fungi
  2 lurking horrors
  136 plants
  33 starspawn tentacles
251 creatures vanquished.

Grand Total: 2918 creatures vanquished

Notes
Turn   | Place    | Note
-------+----------+-------------------------------------------
     0 | D:1      | AarnesTheHuman the Hill Orc Fighter began the quest for the
                  | Orb.
     0 | D:1      | Reached XP level 1. HP: 19/19 MP: 1/1
    41 | D:1      | Found a faded altar of an unknown god.
    89 | D:1      | Reached XP level 2. HP: 27/27 MP: 2/2
   927 | D:2      | Reached XP level 3. HP: 32/33 MP: 3/3
  1034 | D:2      | Reached skill level 4 in Fighting
  1276 | D:2      | Noticed Jessica
  1282 | D:2      | Killed Jessica
  1283 | D:2      | Reached XP level 4. HP: 36/40 MP: 4/4
  2042 | D:3      | Identified the +1 scale mail of the Komodo Dragon {Rampage}
  2326 | D:3      | Identified the +1 ring mail of Fortitude {+Inv SInv}
  2783 | D:4      | Noticed Eustachio
  2805 | D:3      | Reached XP level 5. HP: 35/47 MP: 5/5
  2816 | D:3      | Killed Eustachio
  2817 | D:3      | Reached skill level 5 in Axes
  2817 | D:3      | Reached XP level 6. HP: 31/55 MP: 6/6
  2980 | D:4      | Reached skill level 5 in Fighting
  3038 | D:4      | Noticed a steam dragon
  3459 | D:4      | Killed a steam dragon
  3460 | D:4      | Reached XP level 7. HP: 57/61 MP: 7/7
  3587 | D:4      | Found a runed translucent door.
  3587 | D:4      | Noticed brob1's ghost (amateur MiBe)
  3942 | D:4      | Noticed Menkaure
  4067 | D:5      | Entered Level 5 of the Dungeon
  4075 | D:5      | Got the Reference Book on Shifting Air
  4109 | D:4      | Reached skill level 5 in Armour
  4109 | D:4      | Reached skill level 5 in Shields
  4696 | D:5      | Reached skill level 6 in Fighting
  4696 | D:5      | Reached XP level 8. HP: 43/70 MP: 8/8
  5265 | D:5      | Found a burning altar of Makhleb.
  5851 | D:6      | Noticed Duvessa
  5857 | D:6      | Noticed Dowan
  5859 | D:6      | Killed Duvessa
  5875 | D:6      | Killed Dowan
  5982 | D:6      | Found a staircase to the Ecumenical Temple.
  5991 | Temple   | Entered the Ecumenical Temple
  6086 | D:6      | Reached XP level 9. HP: 69/78 MP: 7/9
  6090 | D:6      | Reached skill level 7 in Fighting
  6273 | D:6      | Noticed Sigmund
  6279 | D:6      | Killed Sigmund
  6280 | D:6      | Reached skill level 10 in Axes
  6688 | D:7      | Found a flagged portal.
  6796 | Bailey   | Entered a bailey
  7097 | Bailey   | Reached skill level 8 in Fighting
  7487 | Bailey   | Reached XP level 10. HP: 81/88 MP: 10/10
  7769 | Bailey   | Found a roughly hewn altar of Beogh.
  7769 | Bailey   | Noticed an orc knight
  7769 | Bailey   | Noticed an orc knight
  7887 | D:7      | Killed an orc knight
  8126 | D:7      | Acquired the ring "Netudapp" {Fly rElec rPois Str-3}
  8610 | D:7      | Found a sacrificial altar of Ru.
  8613 | D:7      | Found a white marble altar of Elyvilon.
  8618 | D:7      | Found an ornate altar of the Wu Jian Council.
  8619 | D:7      | Found an iron altar of Okawaru.
  8622 | D:7      | Found a shadowy altar of Dithmenos.
  8622 | D:7      | Found a glowing golden altar of the Shining One.
  8624 | D:7      | Became a worshipper of Warmaster Okawaru
  8626 | D:7      | Found a broken altar of Ashenzari.
  8630 | D:7      | Found a bloodstained altar of Trog.
  9398 | D:4      | Killed Menkaure
  9951 | D:8      | Noticed Erica
  9975 | D:7      | Reached skill level 1 in Invocations
  9991 | D:8      | Killed Erica
  9991 | D:8      | Reached * piety under Okawaru
  9992 | D:8      | Reached skill level 9 in Fighting
 11050 | D:9      | Found a hide-covered altar of Uskayaw.
 11122 | D:9      | Found Witem's Distillery.
 11125 | D:9      | Bought 2 potions of heal wounds for 140 gold pieces
 11141 | D:9      | Reached ** piety under Okawaru
 11142 | D:9      | Reached XP level 11. HP: 95/97 MP: 14/14
 11152 | D:9      | Reached skill level 5 in Invocations
 11480 | D:9      | Noticed a two-headed ogre
 11490 | D:9      | Killed a two-headed ogre
 11506 | D:9      | Reached *** piety under Okawaru
 12050 | D:9      | Found a large runed translucent door.
 12050 | D:9      | Found a large runed translucent door.
 12052 | D:9      | Noticed anyiome's ghost (novice TrFi)
 12294 | D:10     | Entered Level 10 of the Dungeon
 12543 | D:10     | Found a staircase to the Lair.
 13185 | D:10     | Reached **** piety under Okawaru
 13482 | D:10     | Noticed a two-headed ogre
 13493 | D:10     | Killed a two-headed ogre
 13494 | D:10     | Reached skill level 1 in Throwing
 13494 | D:10     | Reached skill level 10 in Shields
 13839 | D:10     | Found a portal to a secret trove of treasure.
 13873 | D:10     | Found a staircase to the Orcish Mines.
 14270 | Lair:1   | Entered Level 1 of the Lair of Beasts
 14364 | Lair:1   | Identified the +3 arbalest of Dismay {vorpal, Fragile rElec
                  | rN+++ rCorr}
 14456 | Lair:1   | Reached skill level 10 in Invocations
 15100 | Lair:2   | Reached XP level 12. HP: 76/106 MP: 11/19
 15101 | Lair:2   | Reached skill level 10 in Fighting
 15435 | Lair:2   | Reached ***** piety under Okawaru
 16272 | Lair:2   | Received a gift from Okawaru
 16315 | Lair:2   | Found the +8 whip "Snakebite" {venom, curare, rPois}
 18252 | Lair:2   | Reached skill level 11 in Fighting
 18252 | Lair:2   | Reached skill level 10 in Armour
 18887 | Lair:3   | Noticed a four-headed hydra
 18902 | Lair:2   | Killed a four-headed hydra
 18902 | Lair:2   | Received a gift from Okawaru
 19177 | Lair:3   | Noticed a six-headed hydra
 19189 | Lair:3   | HP: 3/110 [seven-headed hydra (4)]
 19583 | Lair:3   | Killed a seven-headed hydra
 19884 | Lair:3   | Reached skill level 12 in Fighting
 19899 | Lair:3   | Reached XP level 13. HP: 74/118 MP: 15/22
 20188 | Lair:3   | Reached skill level 15 in Axes
 20932 | Lair:3   | Found a staircase to the Snake Pit.
 22102 | Lair:4   | Found a gate leading to a gauntlet.
 22108 | Gauntlet | Entered a Gauntlet
 22108 | Gauntlet | Found a transporter.
 22108 | Gauntlet | Found a transporter.
 22156 | Gauntlet | Found a transporter.
 22158 | Gauntlet | Found a transporter.
 22166 | Gauntlet | Found a transporter.
 22169 | Gauntlet | Found a transporter.
 22173 | Gauntlet | Found a runed translucent door.
 22176 | Gauntlet | Found a runed translucent door.
 22177 | Gauntlet | Found a transporter.
 22194 | Gauntlet | Noticed a great orb of eyes
 22197 | Gauntlet | Found a transporter.
 22218 | Gauntlet | Found a transporter.
 22219 | Gauntlet | Found a transporter.
 22230 | Gauntlet | Found a transporter.
 22232 | Gauntlet | Found a transporter.
 22550 | Arena    | Entered the Arena
 22557 | Arena    | Killed a great orb of eyes
 22589 | Gauntlet | Identified the ring "Ebobapt" {rF+ SInv}
 22686 | Gauntlet | Identified the +3 broad axe of Discomfort {elec, rPois}
 22686 | Gauntlet | Noticed a minotaur
 22719 | Gauntlet | Killed a minotaur
 23528 | Lair:4   | Found a transporter.
 23528 | Lair:4   | Noticed AarnesTheHuman's ghost (journeyman HOFi)
 23533 | Lair:4   | Found a transporter.
 23558 | Lair:4   | Received a gift from Okawaru
 23558 | Lair:4   | Found the +18 shield of the Gong {rElec rN+ Will+ EV-5}
 23694 | Lair:3   | Reached skill level 5 in Throwing
 24100 | Lair:4   | Found a staircase to the Shoals.
 24593 | Lair:5   | Reached XP level 14. HP: 108/126 MP: 19/23
 25588 | Lair:6   | Entered Level 6 of the Lair of Beasts
 25608 | Lair:6   | Identified the +2 long sword "Xygost" {antimagic, rN+ Will+
                  | Dex-2}
 25940 | Lair:5   | Reached skill level 1 in Dodging
 26416 | Lair:6   | Identified the +8 battleaxe of the Wilderness {antimagic,
                  | Dex+10} (Okawaru gifted it to you on level 6 of the Lair of
                  | Beasts)
 26416 | Lair:6   | Received a gift from Okawaru
 26495 | Lair:6   | Found a staircase to the Slime Pits.
 26929 | Lair:6   | Found a large runed translucent door.
 26942 | Lair:6   | Found a large runed translucent door.
 27385 | Orc:1    | Entered Level 1 of the Orcish Mines
 27385 | Orc:1    | Noticed Nergalle
 27396 | Orc:1    | Killed Nergalle
 27432 | Orc:1    | Found a roughly hewn altar of Beogh.
 27540 | Orc:1    | Found Dycoeqe's Antique Weapon Shop.
 27776 | Orc:2    | Entered Level 2 of the Orcish Mines
 27776 | Orc:2    | Found a staircase to the Elven Halls.
 27785 | Orc:2    | Found Vuyn's Jewellery Shoppe.
 27791 | Orc:2    | Found a frozen archway.
 27802 | IceCv    | Entered an ice cave
 27822 | IceCv    | Found a transporter.
 27864 | IceCv    | Found a transporter.
 27947 | IceCv    | Reached skill level 15 in Shields
 27960 | IceCv    | Received a gift from Okawaru
 27961 | IceCv    | Reached skill level 5 in Dodging
 28319 | Orc:2    | Received a gift from Okawaru
 28321 | Orc:2    | Reached skill level 13 in Fighting
 28330 | Orc:2    | Received a gift from Okawaru
 28332 | Orc:2    | Reached XP level 15. HP: 92/136 MP: 13/24
 28660 | Orc:2    | Reached skill level 14 in Fighting
 29102 | Orc:2    | Found Tuot's Jewellery Emporium.
 29108 | Orc:2    | Found Xihusil's Assorted Antiques.
 29109 | Orc:2    | Found Udikhlol's General Store.
 29128 | Orc:2    | Found Pimaisch's General Store.
 29131 | Orc:2    | Bought a scroll of blinking for 82 gold pieces
 29522 | Orc:2    | Bought a scroll of enchant weapon for 90 gold pieces
 29663 | D:11     | Reached ****** piety under Okawaru
 29826 | D:11     | You fall into a shaft and drop 1 floor!
 29938 | D:12     | Identified the +10 broad axe "Killer Klown's Foe" {vorpal,
                  | Int+2} (Okawaru gifted it to you on level 12 of the
                  | Dungeon)
 29938 | D:12     | Received a gift from Okawaru
 29940 | D:12     | Noticed Jorgrun
 29966 | D:12     | Killed Jorgrun
 29968 | D:12     | Noticed Josephine
 29979 | D:12     | Killed Josephine
 30231 | D:11     | Acquired a manual of Fighting
 30294 | D:11     | Found a viscous altar of Jiyva.
 30710 | D:12     | Noticed Erolcha
 30724 | D:11     | Killed Erolcha
 31296 | D:13     | Identified the +3 dagger of the Nexus {vamp, +Blink Str+4}
 32089 | D:13     | Received a gift from Okawaru
 32115 | D:13     | Found a gate to the Vaults.
 32601 | D:14     | Identified the +3 pair of boots of Acvoha {Contam rPois
                  | Dex+9} (Okawaru gifted it to you on level 14 of the
                  | Dungeon)
 32601 | D:14     | Received a gift from Okawaru
 32865 | D:14     | Found a glowing golden altar of the Shining One.
 32959 | D:15     | Entered Level 15 of the Dungeon
 33039 | D:15     | Reached XP level 16. HP: 146/147 MP: 24/26
 33048 | D:15     | Reached skill level 15 in Fighting
 33349 | D:15     | Found a staircase to the Depths.
 34165 | Snake:1  | Entered Level 1 of the Snake Pit
 35673 | Snake:2  | Found Anusir's Assorted Antiques.
 35680 | Snake:2  | Bought a pitted platinum ring for 115 gold pieces
 35680 | Snake:2  | Identified the ring of Tygehigy {Will- rCorr Str+5 Int+7}
                  | (You bought it in a shop on level 2 of the Snake Pit)
 35686 | Snake:2  | Found Ofatahes's Antique Weapon Emporium.
 35756 | Snake:2  | Found Peyptod's Magic Scroll Boutique.
 35831 | Snake:2  | Received a gift from Okawaru
 35832 | Snake:2  | Reached skill level 16 in Fighting
 35977 | Snake:1  | Reached skill level 10 in Throwing
 36079 | Snake:1  | Received a gift from Okawaru
 36172 | Snake:2  | Found Pyuntauq's Jewellery Boutique.
 36467 | Orc:2    | Bought a ring of willpower for 300 gold pieces
 37004 | Snake:2  | Found Hykhoro's Antique Weapon Boutique.
 37137 | Snake:2  | Noticed a nagaraja
 37165 | Snake:2  | Killed a nagaraja
 37190 | Snake:2  | Reached skill level 15 in Invocations
 37480 | Snake:3  | Received a gift from Okawaru
 38126 | Snake:3  | Received a gift from Okawaru
 38515 | Snake:3  | Received a gift from Okawaru
 38687 | Snake:3  | Reached XP level 17. HP: 115/159 MP: 28/28
 39566 | Snake:4  | Entered Level 4 of the Snake Pit
 39582 | Snake:4  | Reached skill level 17 in Fighting
 40254 | Snake:4  | Found Jasajots's Book Emporium.
 40329 | Snake:4  | Identified the +0 robe "Yhozoet" {*Corrode rF+ Slay+6 SInv}
                  | (Okawaru gifted it to you on level 4 of the Snake Pit)
 40329 | Snake:4  | Received a gift from Okawaru
 41495 | Snake:4  | Reached skill level 18 in Fighting
 42337 | Snake:4  | Found Jasajots's Book Emporium.
 44078 | Snake:4  | Identified the +2 pair of gloves of Duck's Teeth {Harm
                  | rElec rC- SInv} (Okawaru gifted it to you on level 4 of the
                  | Snake Pit)
 44078 | Snake:4  | Received a gift from Okawaru
 44388 | Snake:4  | Reached XP level 18. HP: 133/173 MP: 7/30
 44452 | Snake:4  | Got a serpentine rune of Zot
 44789 | Shoals:1 | Entered Level 1 of the Shoals
 44803 | Shoals:1 | Reached skill level 19 in Fighting
 45981 | Shoals:2 | Received a gift from Okawaru
 47068 | Shoals:3 | Received a gift from Okawaru
 47303 | Shoals:3 | Found Gyacuf's Distillery.
 47310 | Shoals:3 | Reached skill level 20 in Fighting
 47496 | Shoals:3 | Reached skill level 15 in Armour
 48270 | Shoals:4 | Entered Level 4 of the Shoals
 49027 | Shoals:4 | Reached XP level 19. HP: 164/185 MP: 31/31
 49129 | Shoals:4 | Received a gift from Okawaru
 49251 | Shoals:4 | Received a gift from Okawaru
 49983 | Shoals:4 | Got a barnacled rune of Zot
 50791 | Vaults:1 | Entered Level 1 of the Vaults
 50929 | Vaults:1 | Identified the +1 executioner's axe of the Blessed Realm
                  | {spect, Will++ MP+9} (Okawaru gifted it to you on level 1
                  | of the Vaults)
 50929 | Vaults:1 | Received a gift from Okawaru
 51841 | Vaults:1 | Received a gift from Okawaru
 52997 | Vaults:1 | Identified the +4 tower shield of the Soldier {Str+3}
                  | (Okawaru gifted it to you on level 1 of the Vaults)
 52997 | Vaults:1 | Received a gift from Okawaru
 53196 | Vaults:1 | Reached skill level 15 in Throwing
 53196 | Vaults:1 | Reached XP level 20. HP: 154/186 MP: 33/33
 53206 | Vaults:1 | Reached skill level 21 in Fighting
 53857 | Vaults:2 | Noticed Margery
 53871 | Vaults:2 | Killed Margery
 54300 | Vaults:2 | Found a staircase to the Crypt.
 54895 | Vaults:3 | Found Vairchom's Assorted Antiques.
 54899 | Vaults:3 | Bought a scroll of acquirement for 1456 gold pieces
 55909 | Vaults:3 | Received a gift from Okawaru
 56156 | Vaults:3 | Noticed Nikola
 56165 | Vaults:3 | Killed Nikola
 56867 | Vaults:4 | Noticed Jory
 56923 | Vaults:4 | Killed Jory
 56923 | Vaults:4 | Received a gift from Okawaru
 56990 | Vaults:4 | Reached XP level 21. HP: 204/204 MP: 35/35
 57038 | Vaults:4 | Noticed Sojobo
 57068 | Vaults:4 | Paralysed by an air elemental for 1 turns
 57074 | Vaults:4 | Paralysed by an air elemental for 1 turns
 57078 | Vaults:4 | Paralysed by an air elemental for 1 turns
 57085 | Vaults:4 | Paralysed by an air elemental for 1 turns
 57143 | Vaults:4 | Paralysed by an air elemental for 1 turns
 57151 | Vaults:4 | Paralysed by an air elemental for 1 turns
 57159 | Vaults:4 | Paralysed by an air elemental for 1 turns
 57191 | Vaults:3 | Paralysed by an air elemental for 1 turns
 57212 | Vaults:3 | Killed Sojobo
 57479 | Vaults:4 | Found Zonkas's Weapon Emporium.
 58057 | Vaults:4 | Identified the +1 flail of Disgust {drain, Str+2 Int+2
                  | Dex+4}
 58131 | Vaults:4 | Identified the +4 hunting sling of Defiance {speed, rPois
                  | MP+9 Dex+4}
 59016 | Elf:1    | Entered Level 1 of the Elven Halls
 59038 | Elf:1    | Received a gift from Okawaru
 59062 | Elf:1    | Identified the +6 plate armour of Hysteria {rF+} (Okawaru
                  | gifted it to you on level 1 of the Elven Halls)
 59062 | Elf:1    | Received a gift from Okawaru
 59101 | Elf:1    | Found a crumbling gateway.
 59147 | Desolati | Entered the Desolation of Salt
 59268 | Desolati | Reached skill level 1 in Stealth
 59270 | Desolati | Got Ures's Reference Book on Earth and Ice
 59848 | Desolati | Identified the +10 lajatang "Docapiext" {drain, Will+}
 59855 | Desolati | Got Sif Muna's Reference Book on the Compass
 60677 | Elf:1    | Reached XP level 22. HP: 210/215 MP: 36/36
 60749 | Elf:1    | Reached skill level 22 in Fighting
 60843 | Elf:1    | Gained mutation: You are weak. (Str -2) [a neqoxec]
 60863 | Elf:1    | Identified the +8 scythe of Subterfuge {speed, Fly Str+4
                  | Int+2}
 61203 | Elf:1    | Found a roughly hewn altar of Beogh.
 61207 | Elf:1    | Received a gift from Okawaru
 61208 | Elf:1    | Reached skill level 5 in Stealth
 61638 | Elf:2    | Received a gift from Okawaru
 61720 | Elf:1    | Found a radiant altar of Vehumet.
 61875 | Elf:2    | Found a runed translucent gate.
 61875 | Elf:2    | Found a runed translucent gate.
 61875 | Elf:2    | Found a runed translucent gate.
 61890 | Elf:2    | Reached skill level 10 in Dodging
 63153 | Elf:2    | Received a gift from Okawaru
 63379 | Depths:1 | Entered Level 1 of the Depths
 63474 | Depths:1 | Found a bloodstained altar of Trog.
 63535 | Depths:1 | Identified the +1 robe of the Crypt {Archmagi} (Okawaru
                  | gifted it to you on level 1 of the Depths)
 63535 | Depths:1 | Received a gift from Okawaru
 63596 | Depths:1 | Found Big Baal Hell's Store.
 63601 | Depths:1 | Found a gateway to Hell.
 63681 | Depths:1 | Found a sparkling altar of Nemelex Xobeh.
 63830 | Depths:1 | Found a one-way gate to the infinite horrors of the Abyss.
 64177 | Depths:1 | Learned a level 3 spell: Frozen Ramparts
 64239 | Depths:1 | Reached skill level 1 in Ice Magic
 64239 | Depths:1 | Reached XP level 23. HP: 211/223 MP: 37/37
 64258 | Depths:1 | Reached skill level 1 in Spellcasting
 64360 | Depths:1 | Found the amulet of the Four Winds {rN+ Will+++ Clar}
 64401 | Depths:1 | Got the Grimoire of Unholy Rites
 64630 | Depths:1 | Found a one-way gate leading to the halls of Pandemonium.
 64637 | Depths:1 | Gained mutation: You are clumsy. (Dex -2) [a cacodemon]
 65346 | Depths:2 | Gained mutation: Your body sometimes deteriorates upon
                  | taking damage. [a neqoxec]
 65984 | Orc:2    | Lost mutation: Your body sometimes deteriorates upon taking
                  | damage. [potion of mutation]
 65984 | Orc:2    | Lost mutation: You are weak. (Str -2) [potion of mutation]
 65984 | Orc:2    | Lost mutation: You are clumsy. (Dex -2) [potion of
                  | mutation]
 65984 | Orc:2    | Gained mutation: Your flesh is heat resistant. (rF+)
                  | [potion of mutation]
 65984 | Orc:2    | Gained mutation: You possess an exceptional clarity of
                  | mind. [potion of mutation]
 67112 | Depths:2 | Received a gift from Okawaru
 67288 | Depths:3 | Reached skill level 5 in Ice Magic
 67506 | Depths:3 | You are sucked into a shaft and drop 1 floor!
 67506 | Depths:4 | Entered Level 4 of the Depths
 67682 | Depths:4 | Reached skill level 5 in Spellcasting
 68087 | Snake:4  | Bought a manual of Spellcasting for 1200 gold pieces
 68445 | Depths:3 | Found a corrupted altar of Lugonu.
 68490 | Depths:3 | Found a runed translucent door.
 68507 | Depths:3 | Noticed Boris
 68709 | Depths:3 | Killed Boris
 68713 | Depths:3 | Received a gift from Okawaru
 68806 | Depths:3 | Found a one-way gateway to a ziggurat.
 69117 | Depths:4 | Received a gift from Okawaru
 69575 | Depths:4 | Found Sapeitz's Book Boutique.
 69577 | Depths:4 | Found Laam's Weapon Shop.
 69580 | Depths:4 | Found Qoxyw's Antique Weapon Boutique.
 69661 | Depths:4 | Found a broken altar of Ashenzari.
 69810 | Depths:4 | Identified the +0 kite shield of Okawaru's Displeasure
                  | {Will++ Dex-3} (Okawaru gifted it to you on level 4 of the
                  | Depths)
 69810 | Depths:4 | Received a gift from Okawaru
 70520 | Depths:4 | Found a gate to the Realm of Zot.
 71137 | D:10     | You paid a toll of 2 scrolls of acquirement to enter a
                  | treasure trove
 71138 | Trove    | Entered a treasure trove
 71140 | Trove    | Found the +0 pair of fencer's gloves {Riposte Dex+3}
 71150 | Trove    | Identified the +0 plate armour of Vukh {Int+3 Dex+2}
 71151 | Trove    | Identified the +5 scale mail of the Game of Kings {*Slow
                  | rPois Str-5 Dex+7}
 71152 | Trove    | Identified the +1 chain mail "Qymomer" {rElec Regen+
                  | Stlth+}
 71153 | Trove    | Identified the +0 pair of boots "Ixifak" {Rampage Dex+7}
 71155 | Trove    | Identified the +1 ring mail of the Moon {rPois Int-2
                  | Stlth+}
 71157 | Trove    | Identified the +2 robe of Enextesm {rC+}
 71161 | Trove    | Identified the +0 hat of the Blind Marksman {Int+4}
 71166 | Trove    | Identified the +0 pair of boots of Time Monsters {Int+2}
 71169 | Trove    | Identified the +9 chain mail "Risijul" {rN++}
 71172 | Trove    | Identified the +0 pair of gloves "Roany" {Fly rPois rC++
                  | Str-4}
 71839 | Vaults:5 | Entered Level 5 of the Vaults
 72651 | Vaults:4 | Found Zonkas's Weapon Emporium.
 72763 | Vaults:4 | Reached XP level 24. HP: 207/227 MP: 37/37
 72766 | Vaults:4 | Reached skill level 10 in Spellcasting
 73685 | Vaults:5 | Identified the +3 long sword of Poverty {drain, rElec}
 73795 | Vaults:4 | Received a gift from Okawaru
 75176 | Vaults:4 | Received a gift from Okawaru
 75448 | Vaults:5 | Received a gift from Okawaru
 75633 | Vaults:5 | Reached skill level 1 in Earth Magic
 75647 | Vaults:5 | Reached skill level 10 in Ice Magic
 75864 | Vaults:5 | Identified the ring "Tust" {AC+4 Str+4 Int+2}
 76159 | Vaults:5 | Identified the +1 leather armour of Trial and Error {rPois
                  | Will- Str+2 Dex+4}
 76377 | Vaults:5 | Identified the +9 scimitar "Alubopt" {elec, rN+ Dex+8 SInv
                  | Stlth-}
 76913 | Vaults:5 | Learned a level 3 spell: Stone Arrow
 77263 | Vaults:5 | Reached skill level 5 in Earth Magic
 77876 | Vaults:5 | Got a silver rune of Zot
 78185 | Vaults:5 | Identified the +5 great sword "Beastslayer" {vamp, rN+}
 78189 | Vaults:5 | Learned a level 2 spell: Passwall
 78495 | Zot:1    | Entered Level 1 of the Realm of Zot
 78922 | Depths:4 | Identified the +1 scale mail "Ygoirgh" {Str+3 Slay+5}
                  | (Okawaru gifted it to you on level 4 of the Depths)
 78922 | Depths:4 | Received a gift from Okawaru
 78923 | Depths:4 | Reached XP level 25. HP: 142/238 MP: 37/39
 80246 | Zot:1    | Reached skill level 1 in Necromancy
 81574 | Zot:1    | Identified the +1 arbalest of the Hidden Eyes {venom, rElec
                  | Str+4}
 82766 | Zot:2    | Identified the +1 robe of Sin {Str+2} (Okawaru gifted it to
                  | you on level 2 of the Realm of Zot)
 82766 | Zot:2    | Received a gift from Okawaru
 83209 | Zot:2    | Learned a level 4 spell: Leda's Liquefaction
 83933 | Zot:2    | Reached skill level 5 in Necromancy
 84551 | Zot:2    | Noticed an orb of fire
 85688 | Zot:3    | Learned a level 5 spell: Borgnjor's Vile Clutch
 85919 | Zot:3    | Reached skill level 23 in Fighting
 86668 | Zot:3    | Reached XP level 26. HP: 198/233 MP: 33/40
 87249 | Zot:4    | Received a gift from Okawaru
 88955 | Zot:4    | Received a gift from Okawaru
 89364 | Zot:4    | Reached skill level 10 in Necromancy
 90039 | Zot:4    | Learned a level 5 spell: Lee's Rapid Deconstruction
 90064 | Zot:5    | Entered Level 5 of the Realm of Zot
 90772 | Zot:5    | Noticed an ancient lich
 92065 | Zot:5    | Noticed a Killer Klown
 92079 | Zot:5    | Killed a Killer Klown
 92352 | Zot:5    | Noticed a Killer Klown
 92361 | Zot:5    | Killed a Killer Klown
 92710 | Zot:5    | Reached skill level 10 in Earth Magic
 92842 | Zot:5    | Noticed an ancient lich
 92849 | Zot:5    | Killed an ancient lich
 92854 | Zot:5    | Noticed an orb of fire
 92860 | Zot:5    | Killed an orb of fire
 92861 | Zot:5    | Noticed a Killer Klown
 92866 | Zot:5    | Noticed a Killer Klown
 92869 | Zot:5    | Received a gift from Okawaru
 92869 | Zot:5    | Killed a Killer Klown
 92877 | Zot:5    | Noticed an ancient lich
 92882 | Zot:5    | Noticed an orb of fire
 92913 | Zot:5    | Killed a Killer Klown
 93285 | Zot:5    | Killed an ancient lich
 93656 | Zot:5    | Noticed a Killer Klown
 93664 | Zot:5    | Killed a Killer Klown
 93801 | Zot:5    | Noticed a dread lich
 93812 | Zot:5    | Killed a dread lich
 94242 | Zot:5    | Noticed a Killer Klown
 94256 | Zot:5    | Killed a Killer Klown
 94256 | Zot:5    | Identified the +5 scale mail "Huerir" {Dex+3} (Okawaru
                  | gifted it to you on level 5 of the Realm of Zot)
 94256 | Zot:5    | Received a gift from Okawaru
 94257 | Zot:5    | Reached skill level 15 in Spellcasting
 94277 | Zot:5    | Killed an orb of fire
 94335 | Zot:5    | Noticed an orb of fire
 94336 | Zot:5    | Gained mutation: Potions are less effective at restoring
                  | your health. [an orb of fire]
 94349 | Zot:5    | Gained mutation: Your magical capacity is low. (-10% MP)
                  | [an orb of fire]
 94355 | Zot:5    | Gained mutation: You do not regenerate when monsters are
                  | visible. [an orb of fire]
 94362 | Zot:5    | Killed an orb of fire
 94363 | Zot:5    | Reached XP level 27. HP: 91/258 MP: 37/37
 94705 | Zot:5    | Noticed an orb of fire
 94706 | Zot:5    | Noticed a dread lich
 94711 | Zot:5    | Killed a dread lich
 94718 | Zot:5    | Gained mutation: You have hidden genetic defects. [an orb
                  | of fire]
 94721 | Zot:5    | Killed an orb of fire
 94721 | Zot:5    | Killed an ancient lich
 94722 | Zot:5    | Reached skill level 24 in Fighting
 94756 | Zot:5    | Noticed a dread lich
 94976 | Zot:5    | Killed a dread lich
 95008 | Zot:5    | Lost mutation: You have hidden genetic defects. [potion of
                  | mutation]
 95008 | Zot:5    | Lost mutation: Your flesh is heat resistant. (rF+) [potion
                  | of mutation]
 95008 | Zot:5    | Lost mutation: Potions are less effective at restoring your
                  | health. [potion of mutation]
 95008 | Zot:5    | Gained mutation: You have hidden genetic potential. [potion
                  | of mutation]
 96498 | D:9      | Bought 2 potions of haste for 280 gold pieces
 96498 | D:9      | Bought a potion of haste for 140 gold pieces
 96498 | D:9      | Bought a potion of mutation for 112 gold pieces
 96514 | D:9      | Killed anyiome's ghost
 96685 | Lair:4   | Killed AarnesTheHuman's ghost
 96813 | Slime:1  | Entered Level 1 of the Pits of Slime
 97180 | Slime:1  | Learned a level 6 spell: Iron Shot
 97618 | Vaults:5 | Learned a level 4 spell: Hailstorm
 98045 | Slime:3  | Gained mutation: Your magical capacity is very low. (-20%
                  | MP) [a shining eye]
 98061 | Slime:2  | Reached skill level 1 in Conjurations
 98142 | Slime:3  | Lost mutation: You possess an exceptional clarity of mind.
                  | [a shining eye]
 98144 | Slime:3  | Gained mutation: Armour fits poorly on your strangely
                  | shaped body. [a shining eye]
 98264 | Slime:5  | Entered Level 5 of the Pits of Slime
 98485 | Slime:5  | Found a viscous altar of Jiyva.
 98485 | Slime:5  | Noticed the Royal Jelly
 98501 | Slime:5  | Received a gift from Okawaru
 98505 | Slime:5  | Killed the Royal Jelly
 98796 | Slime:4  | Received a gift from Okawaru
 98915 | Slime:5  | Reached skill level 5 in Conjurations
 99698 | Slime:5  | Found the +2 Maxwell's thermic engine {flame, freeze}
 99698 | Slime:5  | Found the +5 robe of Night {Dark Will+ SInv}
 99703 | Slime:5  | Gained mutation: You are clumsy. (Dex -2) [a shining eye]
 99868 | Slime:5  | Got a slimy rune of Zot
 99878 | Slime:5  | Identified the +3 flail "Zerol" {freeze, rF+ rC+ Str+4
                  | SInv}
100155 | Slime:5  | Lost mutation: You are clumsy. (Dex -2) [potion of
                  | mutation]
100155 | Slime:5  | Lost mutation: You have hidden genetic potential. [potion
                  | of mutation]
100155 | Slime:5  | Lost mutation: Armour fits poorly on your strangely shaped
                  | body. [potion of mutation]
100155 | Slime:5  | Lost mutation: Your magical capacity is very low. (-20% MP)
                  | [potion of mutation]
100156 | Slime:5  | Lost mutation: Your magical capacity is low. (-10% MP)
                  | [potion of mutation]
100156 | Slime:5  | Lost mutation: You do not regenerate when monsters are
                  | visible. [potion of mutation]
100156 | Slime:5  | Gained mutation: You are somewhat resistant to further
                  | mutation. [potion of mutation]
100156 | Slime:5  | Gained mutation: You have large cloven feet. [potion of
                  | mutation]
100215 | Slime:5  | Learned a level 4 spell: Passage of Golubria
100571 | Depths:1 | Voluntarily entered the Abyss.
102889 | Abyss:3  | Found an iron altar of Okawaru.
103763 | Abyss:4  | Found a hide-covered altar of Uskayaw.
104665 | Depths:1 | Escaped the Abyss
104873 | Depths:1 | Voluntarily entered the Abyss.
104882 | Abyss:1  | Noticed an ancient lich
104902 | Abyss:1  | Killed an ancient lich
105389 | Abyss:2  | Paralysed by accursed screaming for 1 turns
105458 | Depths:1 | Escaped the Abyss
105795 | Depths:1 | Voluntarily entered the Abyss.
105943 | Abyss:1  | Noticed a dread lich
105953 | Abyss:1  | Killed a dread lich
105956 | Depths:1 | Escaped the Abyss
106013 | Depths:1 | Voluntarily entered the Abyss.
106207 | Abyss:3  | Found a corrupted altar of Lugonu.
106609 | Depths:1 | Escaped the Abyss
106896 | Depths:1 | Voluntarily entered the Abyss.
106913 | Abyss:1  | Found a corrupted altar of Lugonu.
107238 | Abyss:2  | Found a basalt altar of Yredelemnul.
107319 | Abyss:2  | Found a basalt altar of Yredelemnul.
107549 | Depths:1 | Escaped the Abyss
107830 | Crypt:1  | Entered Level 1 of the Crypt
107832 | Crypt:1  | Received a gift from Okawaru
108042 | Crypt:1  | Received a gift from Okawaru
108797 | Crypt:1  | You are sucked into a shaft and drop 1 floor!
108812 | Crypt:2  | HP: 7/261 [catoblepas zombie (18)]
110765 | Zot:5    | Got the Orb of Zot
110881 | Zot:1    | Noticed Gaenlit the pandemonium lord
111283 | D:$      | Escaped with the Orb!

Illustrated notes

Levels and vault maps discovered:
D:1:      psy_arrival_fountain, layout_rooms,
          hellmonk_ecumenical_altar_arch_garden, grunt_decor_cap
D:2:      wander_river, layout_basic, chequers_serial_rivers_micro_c,
          uniq_jessica
D:3:      layout_basic, corexii_leaking_fountain, saegor_snake_ambush
D:4:      layout_loops_cross, gammafunk_ghost_grave, uniq_menkaure,
          uniq_eustachio
D:5:      layout_loops_ring, mainiacjoe_overflow_alcove_2
D:6:      layout_basic, minmay_temple_entry_trees, uniq_sigmund, uniq_duvessa
D:7:      layout_cave_pods, nicolae_overflow_hallway_of_the_gods, enter_bailey_8
D:8:      layout_basic, serial_undead, serial_undead_a, serial_undead_b,
          serial_undead_f, serial_undead_e, st_stairs_5, uniq_erica
D:9:      layout_cave_pods, mainiacjoe_overflow_six_doors_small, serial_shops,
          kennysheep_mini, ebering_ghost_disaster_area
D:10:     layout_cross, due_lair_maze_entry_diamond, orc_0_dummy,
          nicolae_trove_entry_crossroad, chequers_arboretum,
          minmay_tree_intersection
D:11:     layout_irregular_city, minivault_27, kennysheep_decorative_pillar,
          mrwooster_statue_mirror, jiyva_altar_1
D:12:     layout_rooms, pond, uniq_erolcha, uniq_jorgrun, uniq_josephine
D:13:     layout_roguey, ximxim_vaults_locker_room
D:14:     layout_rooms, nicolae_tso_swordbearing_angel
D:15:     hangedman_depths_entry_try_elsewhere_first, layout_loops_ring
Temple:   nicolae_temple_x_marks_the_god
Lair:1:   layout_roguey
Lair:2:   minmay_guarded_unrand_snakebite, layout_regular_city, minivault_25,
          lemuel_fruit_tree, infiniplex_staircase_pool, serial_bayou_shore_a,
          lemuel_fruit_fields, grunt_megastairs_2
Lair:3:   layout_gridlike, guppyfry_snake_entry_garden, grunt_megastairs_5,
          lemuel_fruit_fields
Lair:4:   layout_roguey, shoals_dummy_entry, gauntlet_entry_generic,
          gammafunk_ghost_hive, st_stairs_12
Lair:5:   layout_regular_city
Lair:6:   cheibrodos_lair_end_hotspot, layout_misc_corridors, slime_dummy
Shoals:1: layout_shoals
Shoals:2: layout_shoals, nicolae_shoals_water_booths
Shoals:3: layout_shoals, serial_shops, nicolae_shop_waterfront
Shoals:4: shoals_end_hellmonk_lost_city, serial_shops
Snake:1:  layout_layer_cave
Snake:2:  layout_grid_shapes, serial_shops, shop, shop, nicolae_stop_n_shop_2,
          shop, nicolae_stop_n_shop_2, st_stairs_11, drop_trap,
          nicolae_snake_gridmaze_big_u
Snake:3:  layout_grid_maze, drop_trap
Snake:4:  snake_pit_salamanders_mu, layout_onion, serial_shops, shop
Slime:1:  layout_caves
Slime:2:  layout_caves, cheibrodos_slime_lost_civilization_7
Slime:3:  layout_caves
Slime:4:  layout_caves
Slime:5
Orc:1:    layout_caves, basic_altar, serial_shops, nicolae_shop_trees,
          uniq_nergalle
Orc:2:    st_orc_open, layout_caves, serial_shops, nicolae_shop_stone,
          portal_ice_cave_rime
Elf:1:    layout_loops_cross, portal_desolation_entry_nicolae_slug, special_room
          [special_room_orc], serial_glass, glass_columns_a, glass_columns_b,
          minmay_elf_demonology, lemuel_upstairs_altar
Elf:2:    elven_hall_of_blades_hangedman_original [nicolae_blade_lattice],
          layout_gridlike, laboratory
Vaults:1: vaults_mumra_minichess, dpeg_vaults_monster_box,
          nicolae_vaults_network_periphery, vaults_room_hangedman_quadrants,
          vaults_room_door_ring, nicolae_vaults_three_branches,
          hangedman_vaults_hat, nicolae_vaults_little_squares_3,
          grunt_vaults_hallway_short, nicolae_vaults_yaktaur_gun_rack,
          nicolae_vaults_asterisk, ontoclasm_vaults_gateway, vaults_dpeg_ring,
          layout_vaults_chaotic_city
Vaults:2: minmay_crypt_entry_nasty_monster, nicolae_vaults_hallways_thing,
          vaults_room_pools, hangedman_vaults_stagger, v_misc_23,
          vaults_mumra_chevron, v_pattern_4, hangedman_vaults_snaps, v_misc_25,
          vaults_room_grid, v_misc_29, nicolae_vaults_little_squares_6,
          nicolae_vaults_rhombus_6, ontoclasm_vaults_hangar,
          nicolae_vaults_border_crossing, layout_vaults_omnibox, uniq_margery
Vaults:3: nicolae_vaults_murderbox, hangedman_vaults_trim,
          nicolae_vaults_twisting_passages, hangedman_vaults_river_flow,
          v_misc_18, ontoclasm_vaults_eye, vaults_room_hallway, v_pattern_5,
          nicolae_vaults_asterisk, nicolae_vaults_diagonal_hallway_6,
          vaults_dpeg_doors, nicolae_vaults_little_squares_4,
          layout_vaults_omnicross, serial_shops, shop, uniq_nikola
Vaults:4: hangedman_vaults_restitches, v_alt_pattern_4,
          dpeg_vaults_pockets_of_resistance, v_alt_pattern_4,
          ontoclasm_vaults_shuriken, v_misc_23, nicolae_vaults_little_squares_6,
          v_misc_16, nicolae_vaults_windows_and_doors_thing, v_rooms_2,
          layout_vaults_ring, serial_shops, nicolae_shop_crystal, uniq_sojobo,
          uniq_jory
Vaults:5
Crypt:1:  layout_catacombs, uniq_donald
Crypt:2:  layout_catacombs, minivault_14
Depths:1: layout_long_grid, abyss_entry_small_statue_room,
          nicolae_hell_entry_big_baal_hell, special_room [special_room_morgue],
          old_standard_altar, rand_demon_pan_entry_9,
          nemelex_xobeh_ov_fountains_minmay
Depths:2: nicolae_cairo_tiling_large, layout_gridville, grunt_pan_entry_spiral,
          hell_entry, chequers_serial_rivers_small_b, firewood_loft
Depths:3: mu_elemental_laboratory, layout_cave_pools, enter_ziggurat_c,
          hell_entry, hangedman_abyss_or_decor_clamps, pan_entry,
          abyss_entry_flame_altar, serial_bayou_shore_b,
          infiniplex_staircase_pillars_1, uniq_boris
Depths:4: evilmike_zot_entry_basic, layout_gridlike, nicolae_ashenzari_skybound,
          hell_entry, lemuel_flamethrower_hall, minmay_shop_star
Zot:1:    layout_misc_corridors, st_small_dragon_hoard_5
Zot:2:    layout_gridlike, nrook_zot_tub
Zot:3:    layout_gridlike
Zot:4:    kennysheep_spiral_hall, layout_gridlike, zot_minivault_5
Zot:5:    layout_misc_corridors, grunt_ministairs_11, st_stairs_3

Skill      XL: |  1  2  3  4  5  6  7  8  9 10 11 12 13 14 15 16 17 18 19 20 21 22 23 24 25 26 27 |
---------------+----------------------------------------------------------------------------------+-----
Axes           | 3 4 5 6 7 9 11 14 18 19 | 19.0
Fighting       | 4 5 6 8 9 12 13 14 16 18 20 21 22 23 24 | 24.3
Armour         | 4 5 6 7 8 10 11 13 15 16 18 | 18.0
Shields        | 4 5 6 7 9 10 12 15 16 17 20 21 22 | 22.0
Invocations    | 4 10 12 13 15 17 19 20 21 22 | 22.0
Throwing       | 2 4 6 8 9 10 12 13 15 16 | 16.3
Dodging        | 5 6 8 11 | 11.0
Stealth        | 3 5 |  5.0
Ice Magic      | 1 7 10 | 10.0
Spellcasting   | 9 12 13 15 | 15.1
Earth Magic    | 6 9 11 12 | 12.0
Necromancy     | 6 11 | 11.3
Conjurations   | 6 |  6.4

Action                   |  1- 3 |  4- 6 |  7- 9 | 10-12 | 13-15 | 16-18 | 19-21 | 22-24 | 25-27 || total
-------------------------+-------+-------+-------+-------+-------+-------+-------+-------+-------++-------
Melee: War axe           |   103 |    56 |   271 |   525 |       |       |       |       |       ||   955
       Dagger            |       |    34 |    54 |       |       |       |       |       |       ||    88
       Morningstar       |       |       |     3 |       |       |       |       |       |       ||     3
       Whip              |       |       |       |   164 |   143 |       |       |       |       ||   307
       Broad axe         |       |       |       |     1 |   878 |  1179 |  1396 |  1492 |  2226 ||  7172
Throw: Stone             |       |       |     2 |       |       |       |       |       |       ||     2
       Dart              |       |       |       |     2 |       |       |    27 |     3 |     1 ||    33
       Boomerang         |       |       |       |    26 |    34 |   344 |   204 |    90 |     6 ||   704
       Javelin           |       |       |       |       |       |    10 |    61 |   147 |   178 ||   396
       Throwing net      |       |       |       |       |       |       |       |     3 |     3 ||     6
 Cast: Frozen Ramparts   |       |       |       |       |       |       |       |     9 |   181 ||   190
       Stone Arrow       |       |       |       |       |       |       |       |       |   279 ||   279
       Borgnjor's Vile C |       |       |       |       |       |       |       |       |   127 ||   127
       Lee's Rapid Decon |       |       |       |       |       |       |       |       |     6 ||     6
       Hailstorm         |       |       |       |       |       |       |       |       |     3 ||     3
Invok: Finesse           |       |       |       |     1 |     3 |     1 |     3 |     4 |     4 ||    16
       Heroism           |       |       |       |       |     4 |     8 |    12 |     3 |    14 ||    41
       Duel              |       |       |       |       |     1 |       |       |       |       ||     1
Evoke: Wand              |       |       |       |     4 |       |       |       |     1 |       ||     5
  Use: Scroll            |       |     8 |     7 |    10 |    11 |     8 |     2 |     6 |    18 ||    70
       Potion            |       |       |       |     2 |     1 |     1 |       |     1 |     8 ||    13
 Stab: Distracted        |       |       |       |       |       |       |       |     1 |     2 ||     3
       Petrified         |       |       |       |       |       |       |       |       |     2 ||     2
       Petrifying        |       |       |       |       |       |       |       |       |     1 ||     1
Armor: Scale mail        |    86 |    33 |   121 |   220 |    50 |       |       |       |       ||   510
       Gold dragon scale |       |       |       |       |   285 |   725 |   575 |   615 |   751 ||  2951
Dodge: Dodged            |    59 |    62 |   202 |   379 |   143 |   283 |   215 |   304 |   496 ||  2143
Block: Buckler           |    32 |    17 |    83 |   200 |    50 |       |       |       |       ||   382
       Kite shield       |       |       |       |       |   968 |   979 |   289 |       |       ||  2236
       Reflection        |       |       |       |       |       |    73 |    29 |       |       ||   102
       Tower shield      |       |       |       |       |       |       |   799 |  1638 |  2282 ||  4719
       Rpst.: Broad axe  |       |       |       |       |       |       |       |    31 |    29 ||    60
